 Dungeon Crawl Stone Soup version 0.32-a0-868-g153ae1a8d6 (webtiles) character file.

Game seed: 7308367628940228177

140 mopl the Insei (level 5, -8/34 HPs)
             Began as an Octopode Shapeshifter on Mar 28, 2024.
             Mangled by an orc priest
             ... wielding a +0 flail
              (11 damage)
             ... on level 3 of the Dungeon.
             The game lasted 00:02:12 (849 turns).

mopl the Insei (Octopode Shapeshifter)               Turns: 849, Time: 00:02:12

Health: -8/34      AC:  1    Str: 13    XL:     5   Next: 23%
Magic:  5/5        EV: 12    Int: 13    God:
Gold:   36         SH:  0    Dex: 13    Spells: 4/4 levels left

rFire   . .          .
                       - Unarmed
rCold   . . .        (no shield)
rNeg    . . .        (helmet currently unavailable)
rPois   .            (no amulet)
rElec   .            f - ring of resist corrosion
rCorr   +            (no ring)
SInv    .            (no ring)
Will    .....        (no ring)
Stlth   ++           (no ring)
HPRegen 0.25/turn    (no ring)
MPRegen 0.09/turn    (no ring)
                     (no ring)

%: no passive effects
@: beast-form
A: beast (slay +2), almost no armour, amphibious, 8 rings, camouflage 1,
gelatinous body 1, (nimble swimmer 1), tentacles
a: Begin Untransformation, Convert to Beogh


You were on level 3 of the Dungeon.
You were a hulking beast.
You visited 1 branch of the dungeon, and saw 3 of its levels.

You collected 36 gold pieces.

Inventory:

Jewellery
 f - a ring of resist corrosion (left tentacle)
Talismans
 b - a beast talisman (active)
 c - a flux talisman
Wands
 i - a wand of flame (22)
Scrolls
 d - a scroll of enchant weapon {unknown}
 e - a scroll of identify {unknown}
 g - a scroll of fog {unknown}
 h - a scroll of fear {unknown}
 j - a scroll of poison {unknown}
Potions
 a - a potion of lignification {!q}


   Skills:
 + Level 2.0 Fighting
 + Level 2.6 Dodging
 * Level 4.1 Unarmed Combat
 * Level 4.0 Shapeshifting


You had 4 spell levels left.
You didn't know any spells.
Your spell library contained the following spells:

 Spells                   Type           Power      Damage    Failure   Level
 Slow                     Hex            0%         N/A       30%         1
 Ensorcelled Hibernation  Hex/Ice        0%         N/A       43%         2
 Confusing Touch          Hex            0%         N/A       67%         3
 Passwall                 Erth           0%         N/A       67%         3
 Swiftness                Air            0%         N/A       67%         3
 Vampiric Draining        Necr           0%         2d6       67%         3
 Anguish                  Hex/Necr       0%         N/A       97%         4
 Cause Fear               Hex            0%         N/A       97%         4
 Enfeeble                 Hex            0%         N/A       100%        7


Dungeon Overview and Level Annotations

Branches:
Dungeon (2/15)

Altars:
Makhleb

Annotations:
D:3 3 runed translucent doors, Nilihum's ghost, amateur MiCA


Innate Abilities, Weirdness & Mutations

You are a hulking beast.
Your limbs bulge with bestial killing power. (Slay +2)
You cannot wear most types of armour.
You are amphibious.
You can wear up to eight rings at the same time.
Your skin changes colour to match your surroundings (Stealth+).
Your rubbery body absorbs attacks. (AC +1, EV +1)
((You are camouflaged when in or above water. (Stealth+)))
You have tentacles for arms and can constrict up to eight enemies at once.


Message History

You barely miss the orc. Your grab misses the orc. The orc barely misses you.
You bludgeon the orc!
You kill the orc!
Found a book of Beasts.
Things that are here:
a +0 whip; a +0 sling; an orc corpse
There is a stone staircase leading up here.
You start resting.
An orc priest is nearby!
The orc priest shouts!
The orc priest threatens, "Beogh's wrath is as vast as their mercy.
Make your choice!"
You tentacle-slap the orc priest. You grab the orc priest.
The orc priest is moderately wounded.
You constrict the orc priest, but do no damage.
You hear a shout!
The orc priest hits you with a +2 heavy quarterstaff!!
Ouch! That really hurt!
* * * LOW HITPOINT WARNING * * *
The orc priest shouts, "Beogh offers mercy even to people such as you.
Join us and be reborn!" (press Y on the ability menu to convert to Beogh)
You tentacle-slap the orc priest.
The orc priest is heavily wounded.
You constrict the orc priest. You tentacle-slap the orc priest.
You kill the orc priest!
Your Fighting skill increases to level 2!
Your Shapeshifting skill increases to level 4!
You have reached level 5!
You feel clever.
Things that are here:
a +2 heavy quarterstaff; a +0 ring mail; an orc corpse The orc priest attacks as it pursues you!
The orc priest barely misses you.
There is a stone staircase leading up here.
You barely miss the orc priest. You grab the orc priest.
You tentacle-slap the orc priest.
The orc priest is lightly wounded.
You constrict the orc priest, but do no damage.
The orc priest hits you with a +0 flail!
You die...

## #......# #.
...... #.####..=..
## #.#......##### #.
#:#.###...... #.
#.#........########.
#.#..#.##..##<......
#.)ho).....######..~
######.#....##...♣♣P
#...#.....##♣♣~
#...#.##..#♣♣~~
.<.........♣PP~P
......#.#....♣~~P
###.####.#.#..♣PPP
.. ....###♣~♣P
#.#####..~~


You could see an orc priest.

Vanquished Creatures
  An orc priest (D:3)
  Robin (D:3)
  4 gnolls (D:3)
  A dart slug (D:1)
  An orc (D:3)
  3 bats
  2 endoplasms
  13 goblins
  7 hobgoblins
  5 jackals (D:1)
  A quokka (D:1)
  4 ball pythons (D:1)
  5 frilled lizards
  5 kobolds (D:1)
  2 rats (D:1)
55 creatures vanquished.

Notes
Turn   | Place    | Note
-------+----------+-------------------------------------------
     0 | D:1      | mopl the Octopode Shapeshifter began the quest for the Orb.
     0 | D:1      | Reached XP level 1. HP: 13/13 MP: 1/1
    72 | D:1      | Reached XP level 2. HP: 18/18 MP: 2/2
   236 | D:1      | Reached XP level 3. HP: 18/23 MP: 3/3
   509 | D:2      | Found a burning altar of Makhleb.
   530 | D:2      | You fall into a shaft and drop 1 floor!
   601 | D:3      | Reached XP level 4. HP: 20/28 MP: 4/4
   603 | D:3      | Noticed Robin
   607 | D:3      | Killed Robin
   658 | D:3      | Found a runed translucent gate.
   660 | D:3      | Found a runed translucent gate.
   662 | D:3      | Found a runed translucent gate.
   662 | D:3      | Noticed Nilihum's ghost (amateur MiCA)
   678 | D:3      | Identified the +4 ring mail of Intercession {Harm rPois rC+
                  | rN+}
   777 | D:3      | Reached skill level 4 in Unarmed Combat
   843 | D:3      | HP: 1/29 [orc priest/+2 heavy quarterstaff (18)]
   846 | D:3      | Reached skill level 2 in Fighting
   846 | D:3      | Reached skill level 4 in Shapeshifting
   846 | D:3      | Reached XP level 5. HP: 2/34 MP: 5/5
   849 | D:3      | Mangled by an orc priest

Illustrated notes

Levels and vault maps discovered:
D:1:      lemuel_arrival_cross, layout_rooms
D:2:      layout_rooms, basic_altar, ebering_ecumenical_altar_hall
D:3:      layout_basic, serial_bayou, serial_bayou_lake_a, serial_bayou_shore_a,
          serial_bayou_pond_e, serial_bayou_pond_e, biasface_ghost_orc_armoury,
          st_stairs_12, uniq_robin

Skill      XL: |  1  2  3  4 |
---------------+-------------+-----
Unarmed Combat | 4 |  4.1
Fighting       | 2 |  2.0
Shapeshifting  | 4 |  4.0
Dodging        | |  2.6

Action                     |  1- 3 |  4- 6 || total
---------------------------+-------+-------++-------
  Melee: Unarmed           |    67 |    16 ||    83
         Tentacles         |    16 |     4 ||    20
         Constrict         |    18 |     6 ||    24
         Punch             |     1 |     2 ||     3
   Stab: Sleeping          |     5 |       ||     5
 Armour: Skin              |    27 |    11 ||    38
  Dodge: Dodged            |    27 |    17 ||    44

Table legend: (Time is in decaauts)
 A = Elapsed time spent in this place.
 B = Non-inter-level travel time spent in this place.
 C = Inter-level travel time spent in this place.
 D = Time resting spent in this place.
 E = Time spent auto-exploring this place.
 F = Levels seen in this place.
 G = Mean time per level.
                   A        B        C        D        E       F      G
               +--------+--------+--------+--------+--------+-----+--------+
         Total |    842 |    829 |     13 |     33 |    456 |   3 |  280.7 |
       Dungeon |    842 |    829 |     13 |     33 |    456 |   3 |  280.7 |
               +--------+--------+--------+--------+--------+-----+--------+

Top non-repeatable levels by time:
     D:1: 497 daAuts
     D:3: 316 daAuts
     D:2: 28 daAuts
